 Dungeon Crawl Stone Soup version 0.20.0-8-g6b59dc7 (webtiles) character file.

1322 Chiseanne the Conjurer (level 8, 0/52 HPs)
             Began as a Demonspawn Wizard on June 1, 2017.
             Killed by divine providence
             ... invoked by an orc priest
              (15 damage)
             ... on level 5 of the Dungeon.
             The game lasted 00:13:06 (6395 turns).

Chiseanne the Conjurer (Demonspawn Wizard)          Turns: 6395, Time: 00:13:07

Health: 0/52       AC: 10    Str:  9    XL:     8   Next: 33%
Magic:  15/17      EV: 11    Int: 21    God:
Gold:   149        SH:  0    Dex: 15    Spells: 10/19 levels left

rFire    . . .     SeeInvis .   a - +1 dagger (venom)
rCold    . . .     Gourm    .   (no shield)
rNeg     + . .     Faith    .   m - +1 acid dragon scales
rPois    +         Spirit   .   r - +0 helmet
rElec    .         Reflect  .   v - +0 cloak
rCorr    +         Harm     .   (no gloves)
MR       .....                  (no boots)
Stlth    +++.......             (no amulet)
Regen    0.2/turn               e - ring of positive energy
MPRegen  0.2/turn               j - ring of poison resistance

@: no status effects
A: talons 1, thin skeletal structure 2
a: no special abilities


You were on level 5 of the Dungeon.
You were not hungry.

You visited 1 branch of the dungeon, and saw 5 of its levels.

You collected 292 gold pieces.
You spent 143 gold pieces at shops.

Inventory:

Hand Weapons
 a - a +1 dagger of venom (weapon)
Missiles
 c - 44 arrows
 i - 171 stones (quivered)
 k - 38 bolts
 o - 49 sling bullets
 p - 25 poisoned needles
 s - 4 tomahawks
Armour
 m - +1 acid dragon scales (worn)
 r - a +0 helmet (worn)
 v - a +0 cloak (worn)
 y - a +2 robe of magic resistance
Jewellery
 e - a ring of positive energy (left hand)
 j - a ring of poison resistance (right hand)
 n - an uncursed ring of flight
 q - an uncursed ring of protection from magic
 w - an uncursed ring of ice
Scrolls
 f - a scroll of recharging
 g - 2 scrolls of identify
 l - a scroll of teleportation
 u - a scroll of fog
Potions
 h - 2 potions of curing
 z - a potion of flight
 A - a potion of brilliance
 B - a potion of heal wounds
 C - a potion of might
Comestibles
 b - 3 meat rations
 d - 2 bread rations
 t - 6 fruits
 x - a royal jelly
 D - 3 chunks of flesh


   Skills:
 * Level 4.5 Armour
 - Level 1.7 Dodging
 - Level 2.0 Stealth
 * Level 6.2 Spellcasting
 * Level 6.3 Conjurations
   Level 1.0 Summonings
 - Level 0.8 Translocations


You had 10 spell levels left.
You knew the following spells:

 Your Spells              Type           Power        Failure   Level  Hunger
a - Magic Dart            Conj           ####         1%          1    None
b - Blink                 Tloc           N/A          16%         2    None
c - Conjure Flame         Conj/Fire      ###.....     13%         3    #......
d - Mephitic Cloud        Conj/Pois/Air  ###.....     19%         3    #......


Dungeon Overview and Level Annotations

Branches:
Dungeon (5/15)
 Temple: D:4-7

Altars:
Elyvilon
Hepliaklqana
Nemelex Xobeh

Shops:
D:4 !([((


Innate Abilities, Weirdness & Mutations

You have sharp toenails.
You have a moderately thin skeletal structure. (Dex +4, Stealth+)


Message History

The orc priest hits you but does no damage.
You hit the orc priest but do no damage.
The orc priest is poisoned.
Your kick misses the orc priest. The orc priest barely misses you.
The sky beast barely misses you.
You hit the orc priest.
The orc priest is moderately wounded.
The sky beast flickers out of sight!
Deactivating autopickup; reactivate with Ctrl-A.
Something hits you but does no damage.
You hit the orc warrior but do no damage.
The orc warrior is poisoned.
Your kick misses the orc warrior.
The orc priest calls down the wrath of Beogh upon you.
Beogh smites you! Something hits you. Something shocks you.
The orc warrior hits you with a battleaxe!
* * * LOW HITPOINT WARNING * * *
A sky beast appears from thin air!
Reactivating autopickup.
The orc priest invokes the aid of Beogh against you.
Beogh smites you!
You die...

..... #...# ##
#...# .. #...# # #
#. #...##.#
#.##.###......###
.#......o.........
.......Y.o@...#
######)###..##
#ยง# #..# #.# #..#
#.# #..# #.# #..#
#.# #..#
.######.###..###
...............#


You could see an orc warrior, a sky beast and an orc priest.

Vanquished Creatures
  Sigmund (D:3)
  Duvessa (D:4)
  A sky beast (D:5)
  A phantom (D:3)
  2 ogres
  Dowan (D:4)
  4 orc priests
  A centaur skeleton (D:4)
  5 orc wizards
  3 hounds
  Jessica (D:2)
  A worker ant (D:4)
  Robin (D:2)
  10 adders
  3 dart slugs
  A worm (D:2)
  2 leopard geckos
  27 orcs
  6 bats
  3 giant cockroaches
  13 goblins
  12 hobgoblins
  8 kobolds
  A quokka (D:4)
  7 frilled lizards
  4 rats
120 creatures vanquished.

Vanquished Creatures (others)
  A quokka (D:4)
1 creature vanquished.

Grand Total: 121 creatures vanquished

Notes
Turn   | Place    | Note
-------+----------+-------------------------------------------
     0 | D:1      | Chiseanne the Demonspawn Wizard began the quest for the Orb.
     0 | D:1      | Reached XP level 1. HP: 13/13 MP: 4/4
   420 | D:1      | Gained mutation: You have a somewhat thin skeletal structure. (Dex +2, Stealth) [demonic ancestry]
   420 | D:1      | Reached XP level 2. HP: 19/19 MP: 0/6
   838 | D:1      | You fall through a shaft!
  1462 | D:2      | Reached XP level 3. HP: 24/24 MP: 2/8
  1857 | D:2      | Noticed Robin
  1862 | D:2      | Killed Robin
  2029 | D:2      | Gained mutation: You have a moderately thin skeletal structure. (Dex +4, Stealth+) [demonic ancestry]
  2029 | D:2      | Reached XP level 4. HP: 30/30 MP: 5/9
  2238 | D:2      | Noticed Jessica
  2244 | D:2      | Killed Jessica
  2279 | D:2      | Learned a level 2 spell: Blink
  2283 | D:2      | Learned a level 3 spell: Conjure Flame
  2287 | D:2      | Learned a level 3 spell: Mephitic Cloud
  3119 | D:3      | Reached XP level 5. HP: 35/35 MP: 8/11
  3124 | D:3      | Noticed a phantom
  3217 | D:3      | Killed a phantom
  3217 | D:3      | Reached skill level 1 in Armour
  3544 | D:3      | Reached XP level 6. HP: 33/41 MP: 7/12
  3890 | D:3      | Noticed Sigmund
  4038 | D:3      | Killed Sigmund
  4038 | D:3      | Reached skill level 5 in Spellcasting
  4038 | D:3      | Reached XP level 7. HP: 41/46 MP: 2/14
  4552 | D:4      | Found Lashen's Antique Armour Shop.
  4567 | D:4      | Found Nirru's Antique Weapon Emporium.
  4638 | D:4      | Reached skill level 5 in Conjurations
  4725 | D:4      | Noticed Duvessa
  4726 | D:4      | Noticed Dowan
  4761 | D:4      | Killed Duvessa
  4922 | D:4      | Killed Dowan
  5235 | D:4      | Found a hazy altar of Hepliaklqana.
  5300 | D:4      | Found Aschosk's Antique Weapon Emporium.
  5330 | D:4      | Found Liannuutz's Weapon Shop.
  5544 | D:4      | Found a white marble altar of Elyvilon.
  5715 | D:4      | Found Unekhlob's Distillery.
  5719 | D:4      | Bought a potion of brilliance for 44 gold pieces
  5719 | D:4      | Bought a potion of heal wounds for 55 gold pieces
  5719 | D:4      | Bought a potion of might for 44 gold pieces
  5947 | D:5      | Entered Level 5 of the Dungeon
  5970 | D:5      | Gained mutation: You have sharp toenails. [demonic ancestry]
  5970 | D:5      | Reached XP level 8. HP: 47/52 MP: 4/16
  6061 | D:5      | Found a sparkling altar of Nemelex Xobeh.
  6395 | D:5      | Killed from afar by an orc priest

Skill      XL: |  1  2  3  4  5  6  7  8 |
---------------+-------------------------+-----
Conjurations   | 2 3 4 5 6 |  6.3
Spellcasting   | 4 5 6 |  6.2
Stealth        | 2 |  2.0
Armour         | 1 2 3 4 |  4.5
Dodging        | |  1.7
Summonings     | |  1.0
Translocations | |  0.8

Action                   |  1- 3 |  4- 6 |  7- 9 || total
-------------------------+-------+-------+-------++-------
Melee: Short sword       |    10 |    31 |       ||    41
       Dagger            |       |    19 |    73 ||    92
       Kick              |       |       |     8 ||     8
 Cast: Magic Dart        |    87 |   121 |   110 ||   318
       Mephitic Cloud    |       |     1 |     7 ||     8
  Use: Scroll            |     3 |     5 |     4 ||    12
       Potion            |       |     5 |       ||     5
 Stab: Sleeping          |       |     2 |       ||     2
       Confused          |       |       |     1 ||     1
  Eat: Chunk             |     3 |     6 |     8 ||    17
Armor: Robe              |     3 |     3 |       ||     6
       Acid dragon scale |       |    24 |    39 ||    63
Dodge: Dodged            |    12 |    33 |    47 ||    92
